Map: Catalyst LE

Players

Optimus

  • Race: Terran Terran
  • Spawn Location: 11:00

Neeb - Winner!

  • Race: Protoss Protoss
  • Spawn Location: 5:00

Event: WCS Valencia 2018

VOD

Have the link to the VOD?

Description

Time

  • Played on: July 12, 2018, 6:45 a.m.
  • Length: 6:40

All games in this series

Show
View Real Time Build Order
Export as new Build Order

Optimus Terran 

Build Orders: Cyclone Opening, Gas First Reaper Expand, Reaper Expand 

Get SALT Encoding   

  12  0:00  SCV  
  13  0:12  SCV  
  14  0:17  Supply Depot  
  14  0:24  SCV  
  15  0:29  Refinery  
  15  0:38  SCV  
  16  0:45  Barracks  
  16  0:51  SCV  
  17  1:03  SCV  
  18  1:15  SCV  
  19  1:32  Reaper, Orbital Command  
  20  1:49  Command Center  
  20  1:57  Factory  
  20  2:00  SCV  
  21  2:09  Barracks Reactor, Refinery  
  21  2:13  SCV  
  22  2:21  Supply Depot  
  22  2:25  SCV  
  23  2:42  Cyclone, SCV  
  27  2:46  Marine x2  
  29  2:51  Supply Depot  
  27  3:04  Marine x2  
  29  3:08  Factory  
  28  3:16  SCV  
  27  3:32  Cyclone  
  30  3:37  Marine  
  30  3:39  Marine  
  32  3:43  SCV  
  33  3:51  Orbital Command  
  31  4:01  Cyclone  
  33  4:09  Cyclone  
  36  4:13  SCV  
  37  4:17  Marine  
  37  4:18  Marine  
  37  4:21  SCV  
  40  4:25  SCV  
  41  4:34  SCV  
  41  4:35  Cyclone, Marine  
  41  4:36  Marine  
  47  4:40  Supply Depot  
  47  4:46  Cyclone  
  47  4:49  SCV x2  
  52  5:07  Cyclone, Marine x2  
  57  5:15  Supply Depot  
  57  5:18  Cyclone  
  57  5:20  SCV x2  
  62  5:36  Supply Depot, Marine x2  
  62  5:37  SCV  
  56  5:50  SCV  
  56  5:54  Marine  
  56  5:55  Cyclone, Marine  
  56  5:56  SCV  
  62  6:11  SCV  
  62  6:12  Marine  
  62  6:13  Marine  
  62  6:17  SCV  
  57  6:23  SCV  
Show
View Real Time Build Order
Export as new Build Order

Neeb Protoss - Winner!

Build Orders: Oracle Opening 

Get SALT Encoding   

  12  0:00  Probe  
  13  0:12  Probe  
  14  0:17  Pylon  
  14  0:23  Probe  
  15  0:31  Probe  
  16  0:36  Gateway  
  16  0:39  Probe  
  16  0:46  Assimilator  
  17  0:51  Probe  
  18  1:03  Probe  
  19  1:04  Assimilator  
  19  1:10  Pylon  
  19  1:15  Probe  
  20  1:23  Cybernetics Core  
  20  1:27  Probe  
  21  1:39  Probe  
  22  1:51  Adept, Probe  
  23  1:55  Nexus  
  25  2:03  Probe  
  26  2:11  Adept  
  26  2:13  Stargate  
  28  2:23  Probe  
  28  2:28  Warp Gate  
  29  2:35  Probe  
  30  2:39  Pylon  
  30  2:47  Probe  
  31  2:51  Oracle  
  31  2:57  Adept  
  32  3:01  Probe  
  36  3:09  Probe  
  37  3:13  Probe  
  37  3:19  Oracle  
  38  3:23  Probe  
  38  3:25  Probe  
  41  3:35  Probe  
  41  3:36  Pylon  
  41  3:37  Probe  
  41  3:39  Gateway  
  43  3:43  Gateway  
  43  3:47  Probe  
  44  3:49  Probe  
  44  3:51  Oracle  
  45  3:59  Probe  
  49  4:03  Pylon  
  49  4:06  Pylon, Probe  
  50  4:11  Probe  
  51  4:18  Probe  
  51  4:20  Assimilator  
  51  4:22  Assimilator  
  51  4:23  Probe  
  53  4:29  Phoenix  
  53  4:30  Probe  
  56  4:36  Adept x2, Probe  
  56  4:37  Adept  
  63  4:42  Probe  
  64  4:48  Pylon, Probe  
  65  4:54  Probe  
  66  5:00  Probe  
  66  5:06  Probe  
  68  5:08  Stalker x3  
  68  5:11  Pylon  
  74  5:24  Nexus  
  74  5:30  Pylon  
  74  5:31  Sentry x2  
  74  5:32  Stalker  
  80  5:39  Probe  
  81  5:42  Probe  
  74  5:52  Oracle  
  74  5:55  Stalker x3  
  70  6:04  Probe  
  64  6:11  Shield Battery  
  55  6:23  Stalker x3  
  50  6:26  Probe x2  
Tags
 
Add a new tag
Caveats
  • Supply blocks, unpowered buildings, or Contaminate may cause inaccurate times.
  • Supply counts are checked every 10 seconds.